 Dungeon Sprint DCSS version 0.31-a0-1074-g0b22e4e0f1 (webtiles) character file.

Game seed: 17131016807130239906

429 tbh1313 the Basher (level 6, -1/62 HPs)
             Began as an Ogre Berserker on Nov 28, 2023.
             Was a Believer of Trog.
             Slain by a slime creature (7 damage)
             ... in the Dungeon (Sprint I: "Red Sonja").
             The game lasted 00:01:45 (349 turns).

tbh1313 the Basher (Ogre Berserker)                  Turns: 349, Time: 00:01:45

Health: -1/62      AC:  3    Str: 24    XL:     6   Next: 98%
Magic:  6/6        EV: 10    Int:  8    God:    Trog [**....]
Gold:   311        SH:  0    Dex:  8    Spells: 5/5 levels left

rFire   . . .        a - +0 giant spiked club
rCold   . . .        (shield currently unavailable)
rNeg    . . .        j - +0 robe
rPois   .            (helmet restricted)
rElec   .            (no cloak)
rCorr   .            (gloves unavailable)
SInv    .            (boots unavailable)
Will    .....        (no amulet)
Stlth   +            (no ring)
HPRegen 0.30/turn    (no ring)
MPRegen 0.10/turn

%: no teleportation
@: no status effects
A: large, unfitting armour, tough skin 1
a: Renounce Religion, Berserk, Trog's Hand


You were in the Dungeon.
You worshipped Trog.
Trog was pleased with you.
You visited 1 branch You collected 311 gold pieces.

Inventory:

Hand Weapons
 a - a +0 giant spiked club (weapon)
Armour
 j - a +0 robe (worn)
Wands
 i - a wand of roots (6)
Scrolls
 h - a scroll of blinking
Potions
 c - a potion of curing
 d - a potion of heal wounds
 e - a potion of haste
 f - 2 potions of magic
 g - a potion of berserk rage


   Skills:
 - Level 4.0 Fighting
 + Level 13.3 Maces & Flails
 - Level 2.6 Dodging


You had 5 spell levels left.
You didn't know any spells.
Your spell library was empty.

Dungeon Overview and Level Annotations

Branches:
Dungeon (1/1)

Altars:
Cheibriados
Dithmenos
Elyvilon
Fedhas
Gozag
Hepliaklqana
Kikubaaqudgha
Makhleb
Nemelex Xobeh
Okawaru
Qazlal
Ru
Sif Muna
Trog
Uskayaw
Vehumet
Wu Jian
Xom
Yredelemnul
Zin
The Shining One
Jiyva
Lugonu

Shops:
D [


Innate Abilities, Weirdness & Mutations

You are too large for most types of armour.
You have tough skin. (AC +1)


Message History

Trog accepts your kill.
Your Maces & Flails skill increases to level 13!
Found an opulent altar of Gozag.
There is an open door, spattered with blood here.
You see here a yak corpse.
Found a sparkling altar of Nemelex Xobeh.
There is an entrance to Xaddojia's Armour Emporium here.
There is an open door, spattered with blood here.
You see here a yak corpse.
There is an ornate altar of the Wu Jian Council here.
You see here a +0 battleaxe.
There is an open door here.
You open the door.
A slime creature comes into view.
Found four altars.
You hit the slime creature.
The slime creature is lightly wounded.
The slime creature hits you!
You impale the slime creature!!
The slime creature is heavily wounded.
The slime creature hits you!! The slime creature hits you.
Okay, then.
You barely miss the slime creature.
The slime creature is heavily wounded.
The slime creature hits you!
You puncture the slime creature!
The slime creature is heavily wounded.
The slime creature hits you.
* * * LOW HITPOINT WARNING * * *
You bludgeon the slime creature!!
The slime creature is almost dead.
The slime creature hits you!
* * * LOW HITPOINT WARNING * * *
You barely miss the slime creature.
The slime creature is almost dead.
The slime creature closely misses you.
You hit the slime creature.
The slime creature is almost dead.
The slime creature hits you!
You die...

################ ##
#<.#..)..#..'..#__#
#..)..#..'[.#.@J..+
#..#####'#####'#__#
#..####..#...#)# ##
#..#__####..##.#
#..#_____##'#_.+
#⌠⌠#_.∩...†..._#
####_..__##_.#'#
#_____###+#)#
####### ###


You could see a slime creature.

Levels and vault maps discovered:
D:        dungeon_sprint_1 [red_sonja_temple_1, red_sonja_temple_small_1]

Notes
Turn   | Place    | Note
-------+----------+-------------------------------------------
     0 | D        | tbh1313 the Ogre Berserker began the quest for the Orb.
     0 | D        | Reached XP level 1. HP: 24/24 MP: 1/1
     1 | D        | Noticed Ijyb
    12 | D        | Killed Ijyb
    13 | D        | Reached skill level 5 in Maces & Flails
    13 | D        | Reached XP level 2. HP: 7/32 MP: 2/2
    13 | D        | Reached XP level 3. HP: 8/39 MP: 3/3
   115 | D        | Noticed an ogre
   120 | D        | Killed an ogre
   121 | D        | Reached skill level 8 in Maces & Flails
   121 | D        | Reached XP level 4. HP: 35/48 MP: 4/4
   206 | D        | Noticed Sigmund
   216 | D        | Killed Sigmund
   216 | D        | Reached ** piety under Trog
   217 | D        | Reached skill level 11 in Maces & Flails
   217 | D        | Reached XP level 5. HP: 52/54 MP: 5/5
   217 | D        | Reached XP level 6. HP: 60/62 MP: 6/6
   290 | D        | Found a shimmering blue altar of Sif Muna.
   291 | D        | Found an ornate altar of the Wu Jian Council.
   292 | D        | Found a radiant altar of Vehumet.
   295 | D        | Reached skill level 12 in Maces & Flails
   322 | D        | Found Xaddojia's Armour Emporium.
   322 | D        | Found an ancient bone altar of Kikubaaqudgha.
   322 | D        | Found a hazy altar of Hepliaklqana.
   322 | D        | Found a stormy altar of Qazlal.
   322 | D        | Found a hide-covered altar of Uskayaw.
   322 | D        | Found a blossoming altar of Fedhas.
   322 | D        | Found a bloodstained altar of Trog.
   322 | D        | Found an iron altar of Okawaru.
   322 | D        | Found a basalt altar of Yredelemnul.
   322 | D        | Found a glowing golden altar of the Shining One.
   322 | D        | Found a snail-covered altar of Cheibriados.
   322 | D        | Found a sacrificial altar of Ru.
   322 | D        | Found a glowing silver altar of Zin.
   322 | D        | Found a shadowy altar of Dithmenos.
   322 | D        | Found a white marble altar of Elyvilon.
   322 | D        | Noticed a yak
   324 | D        | Killed a yak
   325 | D        | Reached skill level 13 in Maces & Flails
   325 | D        | Found an opulent altar of Gozag.
   326 | D        | Found a sparkling altar of Nemelex Xobeh.
   341 | D        | Found a burning altar of Makhleb.
   341 | D        | Found a viscous altar of Jiyva.
   341 | D        | Found a shimmering altar of Xom.
   341 | D        | Found a corrupted altar of Lugonu.
   341 | D        | Noticed a slime creature
   347 | D        | HP: 6/62 [slime creature (8)]
   349 | D        | Slain by a slime creature

Table legend: (Time is in decaauts)
 A = Elapsed time spent in this place.
 B = Non-inter-level travel time spent in this place.
 C = Inter-level travel time spent in this place.
 D = Time resting spent in this place.
 E = Time spent auto-exploring this place.
 F = Levels seen in this place.
 G = Mean time per level.
                   A        B        C        D        E       F      G
               +--------+--------+--------+--------+--------+-----+--------+
         Total |    383 |    372 |     11 |    247 |      1 |   1 |  383.0 |
       Dungeon |    383 |    372 |     11 |    247 |      1 |   1 |  383.0 |
               +--------+--------+--------+--------+--------+-----+--------+

Top non-repeatable levels by time:
       D: 383 daAuts

Table legend:
 A = Kills in this place as a percentage of kills in the entire game.
 B = Kills by you in this place as a percentage of kills by you in the entire game.
 C = Kills by friends in this place as a percentage of kills by friends in the entire game.
 D = Other kills in this place as a percentage of other kills in the entire game.
 E = Experience gained in this place as a percentage of experience gained in the entire game.
 F = Experience gained in this place divided by the number of levels of this place that you have seen.
                   A       B       C       D       E      F
               +-------+-------+-------+-------+-------+----------------------
         Total | 100.0 | 100.0 |   N/A |   N/A | 100.0 | 613.0
       Dungeon | 100.0 | 100.0 |   N/A |   N/A | 100.0 | 613.0
               +-------+-------+-------+-------+-------+----------------------

Action                     |  1- 3 |  4- 6 || total
---------------------------+-------+-------++-------
  Melee: Mace              |    14 |       ||    14
         Giant spiked club |       |    18 ||    18
 Invoke: Berserk           |     2 |     1 ||     3
 Armour: Animal skin       |     7 |     4 ||    11
         Robe              |       |     8 ||     8
  Dodge: Dodged            |       |     2 ||     2

Vanquished Creatures
  Sigmund (D)
  A yak (D)
  An ogre (D)
  A jelly (D)
  Ijyb (D)
5 creatures vanquished.
